 Dungeon Crawl Stone Soup version 0.31.0-11-ge490571c62 (webtiles) character file.

Game seed: 1081194605451597893

7 boopmooplesden the Covered (level 1, -3/18 HPs)
             Began as an Armataur Fighter on Feb 1, 2024.
             Killed from afar by a dart slug (5 damage)
             ... with a slug dart
             ... on level 1 of the Dungeon.
             The game lasted 00:00:21 (158 turns).

boopmooplesden the Covered (Armataur Fighter)        Turns: 158, Time: 00:00:22

Health: -3/18      AC:  8    Str: 21    XL:     1   Next: 83%
Magic:  1/1        EV:  7    Int:  8    God:
Gold:   25         SH:  4    Dex:  9    Spells: 0/0 levels left

rFire   . . .        a - +0 long sword
rCold   . . .        c - +0 buckler
rNeg    . . .        b - +0 scale mail
rPois   .            e - +0 helmet
rElec   .            (no cloak)
rCorr   .            (no gloves)
SInv    .            (no barding)
Will    .....        (no amulet) Stlth
                     (no ring)
HPRegen 0.23/turn    (no ring)
MPRegen 0.07/turn

%: roll
@: no status effects
A: large, deformed body, tough skin 3, armoured tail, roll 1
a: no special abilities


You were on level 1 of the Dungeon.
You visited 1 branch of the dungeon, and saw 1 of its levels.

You collected 25 gold pieces.

Inventory:

Hand Weapons
 a - a +0 long sword (weapon)
Armour
 b - a +0 scale mail (worn)
 c - a +0 buckler (worn)
 e - a +0 helmet (worn)
Talismans
 g - a beast talisman
Potions
 d - a potion of might
 f - a potion of curing {unknown}


   Skills:
 + Level 2.8 Fighting
 + Level 1.8 Long Blades
 + Level 3.8 Armour
 + Level 0.2 Dodging
 + Level 3.3 Shields


You couldn't memorise any spells.
You didn't know any spells.
Your spell library was empty.

Dungeon Overview and Level Annotations

Branches:
Dungeon (1/15)

Altars:


Innate Abilities, Weirdness & Mutations

Armour fits poorly on your strangely shaped body.
You have extremely tough skin. (AC +3)
You have a long armoured tail.
You regenerate magic when rolling toward enemies. (Rampage MPRegen)


Message History

The hobgoblin hits you but does no damage.
The dart slug bites you but does no damage.
The hobgoblin hits you but does no damage.
You hit the dart slug. You tail-slap the dart slug.
The dart slug is heavily wounded.
You block the hobgoblin's attack. The dart slug bites you.
* * * LOW HITPOINT WARNING * * *
You barely miss the hobgoblin.
Your tail-slap misses the hobgoblin.
The hobgoblin is almost dead.
You block the hobgoblin's attack.
The dart slug bites you but does no damage.
You barely miss the hobgoblin.
Your tail-slap misses the hobgoblin.
The hobgoblin is almost dead.
The hobgoblin hits you but does no damage.
The dart slug bites you but does no damage.
The hobgoblin hits you.
* * * LOW HITPOINT WARNING * * *
You closely miss the hobgoblin.
The hobgoblin is almost dead.
The hobgoblin hits you but does no damage.
The dart slug bites you but does no damage.
You closely miss the hobgoblin.
Your tail-slap misses the hobgoblin.
The hobgoblin is almost dead.
You block the hobgoblin's attack.
The dart slug bites you but does no damage.
You barely miss the hobgoblin.
The hobgoblin is almost dead.
The hobgoblin hits you but does no damage.
The dart slug bites you.
* * * LOW HITPOINT WARNING * * *
The hobgoblin barely misses you.
You hit the hobgoblin but do no damage.
The hobgoblin is almost dead.
The hobgoblin hits you but does no damage.
The dart slug bites you but does no damage.
You hit the hobgoblin.
You kill the hobgoblin!
The dart slug launches a dart at you. The slug dart hits you.
You die...

...#####... ...
........#+# ....
...##.#.#.###### ...#
....#...#.#....##...#
###.................. .
..##..#.........######.#
##.##...................
.##.##......###.........
#.#'.#.....## #†@w......
##.#.#...#.#............
.#.#.#.....#.....#.#....
####.#...###.....#......
.'.#.#...# #...).. .#...
##.#.#.......##... ## ..
#.##.# .... ...#. . .##
## ... ...# ##


You could see a dart slug.

Vanquished Creatures
  3 ball pythons (D:1)
  A goblin (D:1)
  A hobgoblin (D:1)
  A frilled lizard (D:1)
  A kobold (D:1)
7 creatures vanquished.

Notes
Turn   | Place    | Note
-------+----------+-------------------------------------------
     0 | D:1      | boopmooplesden the Armataur Fighter began the quest for the
                  | Orb.
     0 | D:1      | Reached XP level 1. HP: 18/18 MP: 1/1
   158 | D:1      | Killed from afar by a dart slug

Illustrated notes

Levels and vault maps discovered:
D:1:      evilmike_arrival_rings, layout_basic, serial_shops,
          nicolae_shop_back_alley_shop, nicolae_shop_real_fake_doors,
          nicolae_shop_crystal, shop, nicolae_shop_waterfront

Action                     || total
---------------------------++-------
  Melee: Long sword        ||    34
         Tailslap          ||     2
 Armour: Scale mail        ||    39
  Dodge: Dodged            ||    10
  Block: Buckler           ||     9
